 Dungeon Crawl Stone Soup version 0.29.1-2-gbd0b4ee654 (webtiles) character file.

Game seed: 10044425907461836833

2043 KeithyIrwin the Cruncher (level 9, 0/78 HPs)
             Began as a Minotaur Berserker on Nov 18, 2022.
             Was a Priest of Trog.
             Succumbed to a killer bee's poison
             ... on level 5 of the Dungeon on Nov 21, 2022.
             The game lasted 01:25:35 (6887 turns).

KeithyIrwin the Cruncher (Minotaur Berserker)       Turns: 6887, Time: 01:25:35

Health: 0/78       AC: 16    Str: 23    XL:     9   Next: 4%
Magic:  8/8        EV:  8    Int:  4    God:    Trog [***...]
Gold:   160        SH:  0    Dex: 13    Spells: 8/8 levels left

rFire   . . .      SeeInvis .   E - +3 quarterstaff
rCold   . . .      Faith    .   (shield currently unavailable)
rNeg    . . .      Spirit   .   v - +0 plate armour
rPois   .          Reflect  .   (helmet restricted)
rElec   .          Harm     .   (no cloak)
rCorr   .          Rampage  .   (no gloves)
Will    .....                   I - +2 pair of boots
Stlth   ..........              (no amulet)
HPRegen 0.23/turn               (no ring)
MPRegen 0.11/turn               (no ring)

@: lethally poisoned (0 -> -1), on berserk cooldown, slowed, very slow
A: horns 2, retaliatory headbutt
a: Renounce Religion, Berserk, Trog's Hand


You were on level 5 of the Dungeon.
You worshipped Trog.
Trog was most pleased with you.
You visited 1 branch of the dungeon, and saw 6 of its levels.

You collected 432 gold pieces.
You spent 272 gold pieces at shops.

Inventory:

Hand Weapons
 a - a +0 hand axe
 c - a +0 club
 d - a +2 dagger of holy wrath
 g - a +2 dagger of protection
 h - a +0 sling
 r - a +0 dagger
 E - a +3 quarterstaff (weapon)
 K - a +0 battleaxe
 N - a +6 spear
 Q - a +2 vorpal shortbow
Missiles
 q - 33 stones (quivered)
 y - 4 boomerangs
 M - 2 throwing nets
Armour
 b - a +0 animal skin
 m - a +0 leather armour
 u - the +0 helmet "Xehonef" {*Slow rF+++ Will+ rCorr}
   (You found it on level 2 of the Dungeon)

   rF:        It renders you almost immune to fire.
   rCorr:     It protects you from acid and corrosion.
   *Slow:     It may slow you when you take damage.
   Will:      It increases your willpower.
 v - a +0 plate armour (worn)
 I - a +2 pair of boots (worn)
 P - the +3 ring mail "Asoavias" {rC++}
   (You took it off an orc on level 4 of the Dungeon)

   rC:        It greatly protects you from cold.
Jewellery
 p - an amulet of magic regeneration
 w - a ring of resist corrosion
 J - a ring of ice
Wands
 B - a wand of polymorph (8)
 H - a wand of charming (10)
Scrolls
 e - a scroll of immolation {unknown}
 i - a scroll of blinking {unknown}
 x - 6 scrolls of identify {unknown}
 A - 2 scrolls of magic mapping {unknown}
 D - 2 scrolls of noise {unknown}
 G - 2 scrolls of enchant weapon {unknown}
 O - a scroll of butterflies {unknown}
Potions
 k - a potion of degeneration {unknown}
 l - 5 potions of curing {unknown}
 n - 2 potions of invisibility {unknown}
 o - a potion of lignification {unknown}
 s - a potion of might {unknown}
 t - a potion of attraction {unknown}
 z - 2 potions of haste {unknown}
 C - 2 potions of magic {unknown}
 F - a potion of flight {unknown}
 L - a potion of resistance


   Skills:
 + Level 6.9 Fighting
 - Level 4.7 Axes
 * Level 9.5 Staves
 + Level 0.6 Throwing
 + Level 7.3 Armour
 + Level 3.6 Dodging
 + Level 1.1 Stealth


You had 8 spell levels left.
You didn't know any spells.
Your spell library was empty.

Dungeon Overview and Level Annotations

Branches:
Dungeon (6/15)
 Temple: D:4-7

Altars:
Qazlal
Wu Jian

Shops:
D:3 (   D:5 [((!


Innate Abilities, Weirdness & Mutations

You have a pair of horns on your head.
You reflexively headbutt those who attack you in melee.


Message History

The killer bee stings you but does no damage.
You barely miss the killer bee. Your headbutt misses the killer bee.
The killer bee is almost dead.
The killer bee stings you but does no damage.
The killer bee barely misses you.
You closely miss the killer bee. Your headbutt misses the killer bee.
The killer bee is almost dead.
You feel sick. The killer bee closely misses you.
You closely miss the killer bee. Your headbutt misses the killer bee.
The killer bee is almost dead.
You feel sick. The killer bee stings you.
* * * LOW HITPOINT WARNING * * *
The killer bee stings you.
* * * LOW HITPOINT WARNING * * *
You are lethally poisoned!
The killer bee poisons you!
You thump the killer bee!
You kill the killer bee!
Trog accepts your kill.
* * * LOW HITPOINT WARNING * * *
You feel sick.
* * * LOW HITPOINT WARNING * * *
You feel very sick.
* * * LOW HITPOINT WARNING * * *
You feel sick.
* * * LOW HITPOINT WARNING * * *
You feel sick.
It was a potion of berserk rage.
A red film seems to cover your vision as you go berserk!
You feel yourself moving faster!
You feel mighty!
You feel sick.
You feel a strong urge to attack something.
You feel sick.
You feel your anger nearly subside.
You feel sick.
You are no longer berserk.
You are exhausted.
You feel yourself slow down.
* * * LOW HITPOINT WARNING * * *
You feel sick.
You die...

#.# #8...8# ## #.#
##...#### #####. #.##
##.......######.....
#:.#
##...##.............#
#..##
##.....#..#.......####
#...##
#.....).......###..###
#.#..###...∩.......###
##....
#####..............#
##### ##..#...@.#...##
#..##...##...###########
#.......................
#..†.........#####......
#..>.........## #..#....
##............###....###
#....##......>...#### #
#...##......#.##..#
#.##.#...........:.#.#


There were no monsters in sight!

Vanquished Creatures
  The ghost of DocClef the Insei, an amateur GnTm of Okawaru (D:3)
  A fire bat (D:4)
  A water moccasin (D:6)
  A sky beast (D:5)
  2 ice beasts (D:6)
  3 black bears
  An orc warrior (D:4)
  3 ogres
  A centaur (D:5)
  A phantom (D:6)
  4 killer bees
  A hound (D:6)
  2 jellies
  3 orc priests
  An orc wizard (D:6)
  6 adders
  A white imp (D:5)
  An ufetubus (D:5)
  A worm (D:2)
  A dart slug (D:1)
  18 orcs
  7 bats
  8 endoplasms
  5 giant cockroaches
  5 goblins
  8 hobgoblins
  7 jackals (D:1)
  5 quokkas
  5 ball pythons
  4 frilled lizards
  5 kobolds
  6 rats
119 creatures vanquished.

Vanquished Creatures (others)
  3 fungi (D:2)
3 creatures vanquished.

Grand Total: 122 creatures vanquished

Notes
Turn   | Place    | Note
-------+----------+-------------------------------------------
     0 | D:1      | KeithyIrwin the Minotaur Berserker began the quest for the
                  | Orb.
     0 | D:1      | Reached XP level 1. HP: 19/19 MP: 0/0
   172 | D:1      | Reached XP level 2. HP: 18/27 MP: 1/1
   535 | D:1      | Reached XP level 3. HP: 31/33 MP: 2/2
   773 | D:1      | Reached ** piety under Trog
  1091 | D:2      | Identified the +0 helmet "Xehonef" {*Slow rF+++ Will+
                  | rCorr}
  1464 | D:2      | Reached XP level 4. HP: 41/41 MP: 3/3
  1974 | D:3      | Reached skill level 5 in Fighting
  2385 | D:3      | Found Hyremyty's Weapon Emporium.
  2391 | D:3      | Bought 2 stones for 2 gold pieces
  2391 | D:3      | Bought a +3 quarterstaff for 210 gold pieces
  2752 | D:4      | Reached XP level 5. HP: 45/48 MP: 4/4
  2752 | D:4      | Found a transporter.
  2752 | D:4      | Noticed a black bear
  2763 | D:3      | Killed a black bear
  2764 | D:3      | Reached skill level 1 in Staves
  2802 | D:4      | Reached skill level 2 in Staves
  2878 | D:4      | Noticed an ogre
  2892 | D:4      | Killed an ogre
  2893 | D:4      | Reached XP level 6. HP: 46/56 MP: 5/5
  3303 | D:4      | Found an ornate altar of the Wu Jian Council.
  3303 | D:4      | Found a stormy altar of Qazlal.
  3393 | D:4      | Found a transporter.
  3393 | D:4      | Noticed a fire bat
  3447 | D:4      | Killed a fire bat
  3448 | D:4      | Reached skill level 3 in Staves
  3542 | D:4      | Noticed an orc warrior
  3544 | D:4      | Found a runed translucent gate.
  3544 | D:4      | Found a runed translucent gate.
  3544 | D:4      | Found a runed translucent gate.
  3545 | D:4      | Identified the +3 ring mail "Asoavias" {rC++}
  3550 | D:4      | Noticed DocClef's ghost (amateur GnTm)
  3884 | D:3      | Killed DocClef's ghost
  3885 | D:3      | Reached skill level 4 in Staves
  3885 | D:3      | Reached skill level 5 in Armour
  3885 | D:3      | Reached skill level 1 in Stealth
  3885 | D:3      | Reached XP level 7. HP: 32/62 MP: 6/6
  4580 | D:4      | Reached skill level 5 in Staves
  5109 | D:5      | Entered Level 5 of the Dungeon
  5109 | D:5      | Found Beptolum's Distillery.
  5114 | D:5      | Bought a potion of heal wounds for 60 gold pieces
  5123 | D:5      | Reached *** piety under Trog
  5186 | D:5      | Found Zaq Gapt's Weapon Boutique.
  5227 | D:5      | Reached skill level 6 in Staves
  5256 | D:5      | Found Kityim's Weapon Shop.
  5613 | D:5      | Reached XP level 8. HP: 48/70 MP: 7/7
  5862 | D:5      | Found Tummem's Armour Shop.
  6219 | D:6      | Reached skill level 7 in Staves
  6317 | D:6      | Reached skill level 8 in Staves
  6737 | D:6      | Reached skill level 9 in Staves
  6872 | D:5      | Reached XP level 9. HP: 27/78 MP: 8/8
  6881 | D:5      | HP: 3/78 [poisoned by a killer bee]
  6886 | D:5      | HP: 1/78 [poisoned by a killer bee]
  6887 | D:5      | Succumbed to a killer bee's poison

Illustrated notes

Levels and vault maps discovered:
D:1:      lightli_arrival_boilingwater, layout_basic
D:2:      layout_rooms, chequers_arboretum, uniq_crazy_yiuf_cottage
D:3:      layout_loops_ring, serial_shops, shop
D:4:      gammafunk_cloud_chamber, layout_loops_ring,
          nicolae_overflow_two_pavilions, biasface_ghost_orc_armoury,
          corexii_item_surrounded_by_moat
D:5:      minmay_octagon_keep, layout_rooms, serial_shops,
          nicolae_shop_temple_entry_statues_fountains, shop, kennysheep_mini,
          nicolae_shop_bloodbath_and_beyond, corexii_hall_statues_i,
          hangedman_decor_lopped
D:6:      layout_basic, nicolae_fountain_basement

Skill      XL: |  1  2  3  4  5  6  7  8 |
---------------+-------------------------+-----
Fighting       | 4 5 6 |  6.9
Axes           | 4 |  4.7
Dodging        | 3 |  3.6
Armour         | 3 4 5 6 7 |  7.3
Staves         | 2 4 6 9 |  9.5
Stealth        | 1 |  1.1
Throwing       | |  0.6

Action                   |  1- 3 |  4- 6 |  7- 9 || total
-------------------------+-------+-------+-------++-------
Melee: Hand axe          |    54 |       |       ||    54
       Headbutt          |    20 |    11 |    22 ||    53
       Dagger            |    52 |    38 |       ||    90
       Punch             |     2 |       |       ||     2
       Quarterstaff      |       |    50 |   140 ||   190
Throw: Stone             |     5 |     2 |     3 ||    10
  Use: Potion            |       |     2 |     3 ||     5
Armor: Animal skin       |    14 |       |       ||    14
       Leather armour    |     7 |       |       ||     7
       Plate armour      |     3 |    63 |   114 ||   180
Dodge: Dodged            |    52 |    35 |    63 ||   150
